 Dungeon Crawl Stone Soup version 0.27.1-33-g824d729ab1 (webtiles) character file.

Game seed: 15281071330478657583

254 zeram the Covert (level 6, 0/50 HPs)
             Began as a Gnoll Brigand on Dec 15, 2021.
             Slain by Pikel (4 damage)
             ... on level 4 of the Dungeon.
             The game lasted 00:05:54 (3889 turns).

zeram the Covert (Gnoll Brigand)                    Turns: 3889, Time: 00:05:55

Health: 0/50       AC:  3    Str: 10    XL:     6   Next: 14%
Magic:  8/8        EV: 13    Int: 13    God:
Gold:   214        SH:  0    Dex: 13    Spells: 5/8 levels left

rFire    . . .     SeeInvis .   a - +2 dagger
rCold    . . .     Faith    .   (no shield)
rNeg     . . .     Spirit   .   b - +0 robe
rPois    .         Reflect  .   (no helmet)
rElec    .         Harm     .   c - +0 cloak
rCorr    .         Rampage  .   (no gloves)
Will     .....                  (no boots)
Stlth    ++++......             (no amulet)
HPRegen  0.16/turn              (no ring)
MPRegen  0.11/turn              (no ring)

@: no status effects
A: fangs 1, strong nose, distributed training
a: no special abilities


You were on level 4 of the Dungeon.
You visited 1 branch of the dungeon, and saw 5 of its levels.

You collected 214 gold pieces.

Inventory:

Hand Weapons
 a - a +2 dagger (weapon)
Missiles
 d - 22 poisoned darts (quivered)
 e - 2 curare-tipped darts
Armour
 b - a +0 robe (worn)
 c - a +0 cloak (worn)
Scrolls
 g - a scroll of noise
Potions
 f - a potion of curing


   Skills:
 + Level 4.9 Fighting
 + Level 4.9 Short Blades
 + Level 1.8 Long Blades
 + Level 1.8 Axes
 + Level 1.8 Maces & Flails
 + Level 1.8 Polearms
 + Level 1.8 Staves
 + Level 1.8 Slings
 + Level 1.8 Bows
 + Level 1.8 Crossbows
 + Level 4.9 Throwing
 + Level 1.8 Armour
 + Level 3.1 Dodging
 + Level 8.0 Stealth
 + Level 1.8 Shields
 + Level 1.8 Unarmed Combat
 + Level 1.8 Spellcasting
 + Level 1.4 Conjurations
 + Level 1.4 Hexes
 + Level 1.4 Summonings
 + Level 1.4 Necromancy
 + Level 1.4 Translocations
 + Level 1.4 Transmutations
 + Level 1.4 Fire Magic
 + Level 1.4 Ice Magic
 + Level 1.4 Air Magic
 + Level 1.4 Earth Magic
 + Level 1.4 Poison Magic
 + Level 2.0 Invocations
 + Level 1.8 Evocations


You had 5 spell levels left.
You knew the following spells:

 Your Spells              Type           Power      Damage    Failure   Level
a - Vampiric Draining     Necr           2%         2d6       41%         3

Your spell library contained the following spells:

 Spells                   Type           Power      Damage    Failure   Level
 Animate Skeleton         Necr           8%         N/A       14%         1
 Pain                     Necr           16%        1d4       14%         1
 Freezing Cloud           Conj/Ice/Air   2%         6-21      99%         5
 Simulacrum               Ice/Necr       2%         N/A       100%        6
 Polar Vortex             Ice            2%         N/A       100%        9


Dungeon Overview and Level Annotations

Branches:
Dungeon (5/15)
 Temple: D:4-7

Altars:
Hepliaklqana
The Shining One

Annotations:
D:4 Pikel


Innate Abilities, Weirdness & Mutations

You have very sharp teeth.
Your uncanny sense of smell can sniff out nearby items.
Your experience applies equally to all skills.


Message History

Something hits you!
You hit the orc.
You kill the orc!
Something hits you!
* * * LOW HITPOINT WARNING * * *
It was a potion of haste.
You feel yourself speed up. Something hits you.
* * * LOW HITPOINT WARNING * * *
You start resting.
Your extra speed is starting to run out.
You start resting.
There is a strange disturbance nearby!
You feel yourself slow down.
There is a stone staircase leading up here.
There is a strange disturbance nearby!
You climb upwards.
Level annotation: Pikel Reactivating autopickup.
The lemure hits you but does no damage.
Pikel hits you with a +1 whip of freezing.
* * * LOW HITPOINT WARNING * * *
Pikel freezes you.
* * * LOW HITPOINT WARNING * * *
There is a stone staircase leading down, spattered with blood here.
Unknown command.
Unknown command.
Unknown command.
Okay, then.
The lemure shouts!
The lemure shouts!
An orc comes into view. It is wielding a +0 dagger.
Pikel says, "All the demons know me.
They respect me."
You open the door. Pikel barely misses you.
There is an open door here.
Found a potion of curing.
You see here a potion of curing.
f - a potion of curing Pikel hits you with a +1 whip of freezing!
* * * LOW HITPOINT WARNING * * *
Pikel freezes you.
You die...

.......<..#
##############.#.# ###
#...55.5.....#.#.# #..
#.##########.#.#.#.#.######
###'### #.#.#.#.#.##...#
#..5..# #.#.#.#.#.##.#.#
#....5# #.#.#.#.#.##)#.#
#.....# #5#.#.#.#.##.#.#
#....5# #.#@#.#.#.##.#.#
#.....# #.#K#.#.#..#.#.#
#.....########.#.#.#......#.#
#........5.5.5.5.#.#...####.#
#...........................#
#......######.####.#.########
+...........................>
∆
######.....#..####.#.#.######
#.... ##......#.#.#


You could see Pikel and a lemure.

Vanquished Creatures
  A howler monkey (D:4)
  An orc priest (D:5)
  Natasha (thrice) (D:2)
  A killer bee zombie (D:4)
  4 adders (D:3)
  A worm (D:3)
  A dart slug (D:2)
  5 orcs (D:5)
  2 endoplasms
  3 giant cockroaches (D:2)
  2 goblins
  3 hobgoblins
  6 kobolds
  2 quokkas
  5 ball pythons
  6 bats
  3 frilled lizards
  2 rats
51 creatures vanquished.

Notes
Turn   | Place    | Note
-------+----------+-------------------------------------------
     0 | D:1      | zeram the Gnoll Brigand began the quest for the Orb.
     0 | D:1      | Reached XP level 1. HP: 20/20 MP: 1/1
   279 | D:1      | Reached XP level 2. HP: 26/26 MP: 2/2
   335 | D:1      | You fall into a shaft and drop 1 floor!
   649 | D:2      | Noticed Natasha
   659 | D:2      | Killed Natasha
   660 | D:2      | Reached skill level 1 in Invocations
   660 | D:2      | Reached XP level 3. HP: 31/31 MP: 2/4
   818 | D:2      | Reached skill level 1 in Long Blades
   818 | D:2      | Reached skill level 1 in Axes
   818 | D:2      | Reached skill level 1 in Maces & Flails
   818 | D:2      | Reached skill level 1 in Polearms
   818 | D:2      | Reached skill level 1 in Staves
   818 | D:2      | Reached skill level 1 in Slings
   818 | D:2      | Reached skill level 1 in Bows
   818 | D:2      | Reached skill level 1 in Crossbows
   818 | D:2      | Reached skill level 1 in Armour
   818 | D:2      | Reached skill level 1 in Shields
   818 | D:2      | Reached skill level 1 in Unarmed Combat
   818 | D:2      | Reached skill level 1 in Spellcasting
   818 | D:2      | Reached skill level 1 in Evocations
  1101 | D:2      | Noticed Natasha
  1118 | D:2      | Killed Natasha
  1119 | D:2      | Reached XP level 4. HP: 13/38 MP: 5/5
  1374 | D:2      | Found a faded altar of an unknown god.
  1484 | D:2      | Noticed Natasha
  1505 | D:2      | Killed Natasha
  1506 | D:2      | Reached skill level 1 in Conjurations
  1506 | D:2      | Reached skill level 1 in Hexes
  1506 | D:2      | Reached skill level 1 in Summonings
  1506 | D:2      | Reached skill level 1 in Necromancy
  1506 | D:2      | Reached skill level 1 in Translocations
  1506 | D:2      | Reached skill level 1 in Transmutations
  1506 | D:2      | Reached skill level 1 in Fire Magic
  1506 | D:2      | Reached skill level 1 in Ice Magic
  1506 | D:2      | Reached skill level 1 in Air Magic
  1506 | D:2      | Reached skill level 1 in Earth Magic
  1506 | D:2      | Reached skill level 1 in Poison Magic
  1711 | D:3      | Found a glowing golden altar of the Shining One.
  1944 | D:3      | Reached XP level 5. HP: 43/43 MP: 6/6
  2451 | D:3      | Found a hazy altar of Hepliaklqana.
  2883 | D:4      | Learned a level 3 spell: Vampiric Draining
  2940 | D:4      | Reached skill level 8 in Stealth
  3136 | D:4      | Noticed a lemure
  3137 | D:4      | Noticed Pikel
  3137 | D:4      | Noticed a lemure
  3137 | D:4      | Noticed a lemure
  3138 | D:4      | Noticed a lemure
  3205 | D:5      | Entered Level 5 of the Dungeon
  3465 | D:5      | Reached XP level 6. HP: 25/50 MP: 8/8
  3828 | D:4      | HP: 2/50 [Pikel (2)]
  3889 | D:4      | Slain by Pikel

Illustrated notes

Levels and vault maps discovered:
D:1:      amcnicky_arrival_abandoned_market, layout_basic, grunt_decor_junction,
          st_stairs_2
D:2:      layout_loops_ring, shapermc_ecumenical_altar_notcrosses,
          kennysheep_boxes, uniq_natasha
D:3:      layout_rooms, tso_metal_star, nicolae_hepliaklqana_hippocampus
D:4:      layout_basic, amcnicky_altar_gilded, uniq_grinder, uniq_menkaure,
          uniq_pikel
D:5:      layout_basic, nzn_wu_jian_council_hall, uniq_ijyb

Skill      XL: |  1  2  3  4  5 |
---------------+----------------+-----
Invocations    | 1 2 |  2.0
Long Blades    | 1 |  1.8
Axes           | 1 |  1.8
Maces & Flails | 1 |  1.8
Polearms       | 1 |  1.8
Staves         | 1 |  1.8
Slings         | 1 |  1.8
Bows           | 1 |  1.8
Crossbows      | 1 |  1.8
Armour         | 1 |  1.8
Shields        | 1 |  1.8
Unarmed Combat | 1 |  1.8
Spellcasting   | 1 |  1.8
Evocations     | 1 |  1.8
Conjurations   | 1 |  1.4
Hexes          | 1 |  1.4
Summonings     | 1 |  1.4
Necromancy     | 1 |  1.4
Translocations | 1 |  1.4
Transmutations | 1 |  1.4
Fire Magic     | 1 |  1.4
Ice Magic      | 1 |  1.4
Air Magic      | 1 |  1.4
Earth Magic    | 1 |  1.4
Poison Magic   | 1 |  1.4
Dodging        | 3 |  3.1
Stealth        | 8 |  8.0
Fighting       | |  4.9
Short Blades   | |  4.9
Throwing       | |  4.9

Action                   |  1- 3 |  4- 6 || total
-------------------------+-------+-------++-------
Melee: Dagger            |    75 |   149 ||   224
       Bite              |     5 |    10 ||    15
Throw: Dart              |       |     1 ||     1
  Use: Potion            |     2 |     1 ||     3
       Scroll            |       |     4 ||     4
 Stab: Sleeping          |    10 |     7 ||    17
Armor: Robe              |     9 |    15 ||    24
Dodge: Dodged            |    47 |    62 ||   109
